 Dungeon Crawl Stone Soup version 0.24.0-13-gcf9b3192b9 (webtiles) character file.

Game seed: 10360016256182387661, levelgen mode: deterministic

105 MirrMurr the Covered (level 4, -12/40 HPs)
             Began as a Minotaur Fighter on Nov 8, 2019.
             Killed by divine providence
             ... invoked by an orc priest
              (16 damage)
             ... on level 2 of the Dungeon.
             The game lasted 00:03:48 (1489 turns).

MirrMurr the Covered (Minotaur Fighter)             Turns: 1489, Time: 00:03:48

Health: -12/40     AC:  8    Str: 27    XL:     4   Next: 54%
Magic:  3/3        EV:  8    Int:  5    God:
Gold:   44         SH: 10    Dex:  9    Spells: 3/3 levels left

rFire    . . .     SeeInvis .   a - +0 war axe
rCold    . . .     Gourm    .   c - +0 shield
rNeg     . . .     Faith    .   o - +0 scale mail
rPois    .         Spirit   .   (helmet restricted)
rElec    .         Reflect  .   (no cloak)
rCorr    .         Harm     .   (no gloves)
MR       .....                  t - +0 pair of boots
Stlth    ..........             (no amulet)
HPRegen  0.13/turn              (no ring)
MPRegen  0.08/turn              (no ring)

@: mighty, slowed, very slow
A: retaliatory headbutt, horns 2
a: no special abilities


You were on level 2 of the Dungeon.
You were not hungry.

You visited 1 branch of the dungeon, and saw 2 of its levels.

You collected 44 gold pieces.

Inventory:

Hand Weapons
 a - a +0 war axe (weapon)
 b - a +0 hunting sling
Missiles
 e - 2 throwing nets
 j - 20 stones
 k - 3 javelins (quivered)
 r - 19 poisoned darts
Armour
 c - a +0 shield (worn)
 o - a +0 scale mail (worn)
 t - a +0 pair of boots (worn)
Jewellery
 g - an uncursed ring of flight {unknown}
 p - an uncursed amulet of the gourmand {unknown}
Scrolls
 h - a scroll of teleportation
 n - a scroll of fog {unknown}
 s - 2 scrolls of enchant armour {unknown}
 u - 2 scrolls of remove curse {unknown}
Potions
 i - a potion of cancellation {unknown}
 m - a potion of resistance {unknown}
 q - a potion of berserk rage {unknown}
Comestibles
 f - 4 rations
 l - a chunk of flesh


   Skills:
 + Level 4.2 Fighting
 * Level 3.9 Axes
 + Level 4.2 Armour
 + Level 1.5 Dodging
 + Level 4.2 Shields


You had 3 spell levels left.
You didn't know any spells.
Your spell library was empty.

Dungeon Overview and Level Annotations

Branches:
Dungeon (2/15)

Altars:

Annotations:
D:2 Natasha


Innate Abilities, Weirdness & Mutations

You reflexively headbutt those who attack you in melee.
You have a pair of horns on your head.


Message History

Natasha claws you.
You closely miss Natasha.
Natasha is lightly wounded.
You closely miss the orc. You hit the orc but do no damage. The orc misses you.
The orc hits you but does no damage. Natasha claws you but does no damage.
The orc hits you but does no damage. Natasha claws you!
* * * LOW HITPOINT WARNING * * *
You block the orc's attack.
Unknown command.
You feel very mighty all of a sudden.
Natasha mumbles some strange words.
You block the orc's attack. x2; Natasha claws you!
* * * LOW HITPOINT WARNING * * *
You hit the orc.
The orc is severely wounded.
You closely miss the orc. You slash Natasha!
The orc hits you but does no damage. You block the orc's attack.
The orc priest invokes the aid of Beogh against you.
Beogh smites you!
You die...

#.>.........#
#...........#
#...........#
#.......#####
####...รท...#
>..........#
#..........#
#.........)#
#........o@#
#........ho#
#.........o#
#.......5...
#(...#####.##
.... #.# ..
#.# #.# #.#


You could see an orc priest, Natasha, a crimson imp and 2 orcs.

Vanquished Creatures
  Jessica (D:2)
  Natasha (D:2)
  3 adders (D:2)
  3 leopard geckos (D:2)
  2 goblins (D:2)
  3 hobgoblins (D:1)
  A quokka (D:2)
  A ball python (D:2)
  2 bats
  3 frilled lizards
  3 kobolds
  7 rats
30 creatures vanquished.

Notes
Turn   | Place    | Note
-------+----------+-------------------------------------------
     0 | D:1      | MirrMurr the Minotaur Fighter began the quest for the Orb.
     0 | D:1      | Reached XP level 1. HP: 19/19 MP: 0/0
   449 | D:1      | Reached XP level 2. HP: 27/27 MP: 1/1
  1047 | D:2      | Reached skill level 1 in Dodging
  1059 | D:2      | Reached XP level 3. HP: 33/33 MP: 2/2
  1163 | D:2      | Noticed Jessica
  1186 | D:2      | Killed Jessica
  1186 | D:2      | Reached XP level 4. HP: 36/40 MP: 3/3
  1194 | D:2      | Noticed Natasha
  1206 | D:2      | Killed Natasha
  1479 | D:2      | Noticed Natasha
  1489 | D:2      | Killed from afar by an orc priest

Levels and vault maps discovered:
D:1:      dpeg_arrival_court, layout_loops_corners
D:2:      layout_basic, uniq_natasha, uniq_jessica

Skill      XL: |  1  2  3 |
---------------+----------+-----
Axes           | 3 |  3.9
Dodging        | 1 |  1.5
Shields        | 4 |  4.2
Fighting       | 4 |  4.2
Armour         | 4 |  4.2

Action                   |  1- 3 |  4- 6 || total
-------------------------+-------+-------++-------
Melee: War axe           |    52 |    20 ||    72
       Headbutt          |     7 |     2 ||     9
  Use: Scroll            |     2 |       ||     2
       Potion            |       |     1 ||     1
  Eat: Chunk             |     1 |     1 ||     2
Armor: Scale mail        |    25 |    14 ||    39
Dodge: Dodged            |     9 |     5 ||    14
Block: Shield            |    25 |    14 ||    39
